 Dungeon Crawl Stone Soup version 0.31.0-11-ge490571c62 (webtiles) character file.

Game seed: 16312325914805848913

1537 jimmypageman the Cleaver (level 8, -1/69 HPs)
             Began as a Minotaur Fighter on Feb 7, 2024.
             Succumbed to a gnoll's poison
             ... on level 4 of the Dungeon.
             The game lasted 00:06:25 (5370 turns).

jimmypageman the Cleaver (Minotaur Fighter)         Turns: 5370, Time: 00:06:25

Health: -1/69      AC: 16    Str: 28      XL:     8   Next: 56%
Magic:  7/7        EV:  7    Int:  4      God:
Gold:   259        SH:  4    Dex:  7 (8)  Spells: 7/7 levels left

rFire   . . .        f - +0 broad axe
rCold   . . .        c - +0 buckler
rNeg    . . .        r - +0 plate armour
rPois   .            (helmet restricted)
rElec   .            h - +1 cloak
rCorr   .            i - +0 pair of gloves
SInv    .            (no boots)
Will    .....        (no amulet) Stlth
                     (no ring)
HPRegen 0.31/turn    (no ring)
MPRegen 0.10/turn

%: no passive effects
@: lethally poisoned (-1 -> -12), on berserk cooldown, slowed, very slow
A: horns 2, retaliatory headbutt, strong 1, MP-powered wands
a: no special abilities


You were on level 4 of the Dungeon.
You visited 1 branch of the dungeon, and saw 7 of its levels.

You collected 259 gold pieces.

Inventory:

Hand Weapons
 f - a +0 broad axe (weapon)
Missiles
 t - 5 boomerangs (quivered)
Armour
 c - a +0 buckler (worn)
 h - a +1 cloak (worn)
 i - a +0 pair of gloves (worn)
 r - a +0 plate armour (worn)
Wands
 b - a wand of charming (2)
Scrolls
 a - 3 scrolls of teleportation {unknown}
 g - 3 scrolls of identify {unknown}
 j - 2 scrolls of noise {unknown}
 k - a scroll of enchant armour {unknown}
 l - 2 scrolls of poison {unknown}
 m - a scroll of revelation {unknown}
 n - a scroll of immolation {unknown}
 q - a scroll of amnesia {unknown}
 s - a scroll of acquirement {unknown}
Potions
 d - 4 potions of might
 e - a potion of curing {unknown}
 o - a potion of mutation
 p - a potion of enlightenment {unknown}
 u - a potion of berserk rage


   Skills:
 + Level 5.4 Fighting
 * Level 10.2 Axes
 + Level 6.1 Armour
 + Level 1.3 Dodging
 - Level 0.3 Stealth
 * Level 5.8 Shields


You had 7 spell levels left.
You didn't know any spells.
Your spell library contained the following spells:

 Spells                   Type           Power      Damage    Failure   Level
 Manifold Assault         Tloc           0%         N/A       100%        4
 Vhi's Electric Charge    Tloc/Air       0%         N/A       100%        4
 Arcjolt                  Conj/Air       0%         1d10      100%        5
 Dispersal                Tloc           0%         N/A       100%        6
 Disjunction              Tloc           0%         N/A       100%        8
 Maxwell's Capacitive Co  Air            0%         ∞         100%        8


Dungeon Overview and Level Annotations

Branches:
Dungeon (7/15)
 Temple: D:4-7

Altars:

Shops:
D:1 !

Annotations:
D:3 1 runed translucent door, Crazy Yiuf
D:6 1 runed translucent door


Innate Abilities, Weirdness & Mutations

You have a pair of horns on your head.
You reflexively headbutt those who attack you in melee.
Your muscles are strong. (Str +4, Int/Dex -1)
You expend magic power (3 MP) to strengthen your wands.


Message History

It was a potion of mutation.
You feel extremely strange.
You feel stronger.
You feel your magical essence link to the dungeon's wands.
* * * LOW HITPOINT WARNING * * *
You feel very sick. You block the gnoll's attack.
It was a potion of berserk rage.
A red film seems to cover your vision as you go berserk!
You feel yourself moving faster!
You feel mighty!
You feel very sick. The gnoll barely misses you.
You barely miss the gnoll.
You feel sick. The gnoll barely misses you.
You hit the gnoll. You headbutt the gnoll!
The gnoll is almost dead.
You feel sick.
You barely miss the gnoll.
The gnoll is almost dead.
You feel sick.
The gnoll hits you with a +1 spear of venom.
* * * LOW HITPOINT WARNING * * *
You are lethally poisoned!
You closely miss the gnoll. Your headbutt misses the gnoll.
The gnoll is almost dead.
* * * LOW HITPOINT WARNING * * *
You feel sick. The gnoll hits you but does no damage.
You are more poisoned.
You slice the gnoll!!
You kill the gnoll!
* * * LOW HITPOINT WARNING * * *
You feel very sick.
You feel your dexterity returning.
* * * LOW HITPOINT WARNING * * *
You feel very sick.
You feel a strong urge to attack something.
* * * LOW HITPOINT WARNING * * *
You feel sick.
You are no longer berserk.
You are exhausted.
You feel yourself slow down.
You die...

#### #... # ###
...##.... .#..#
.....#.#
....####......#
#...#.#......#
#...#.......#
#...).....#
##)†..@...#
#.>)......?#
#....#.......#
.....####........
......# #...###..
#....# #...# #
#..## ##..# #..
..# ..


There were no monsters in sight!

Vanquished Creatures
  Eustachio (D:5)
  A water moccasin (D:6)
  A black bear (D:4)
  An ogre (D:5)
  A phantom (D:4)
  A kobold brigand (D:6)
  A gnoll sergeant (D:5)
  3 scorpions
  4 jellies
  2 hounds
  2 sleepcaps
  Ijyb (D:3)
  5 iguanas
  3 orc wizards (D:5)
  11 gnolls
  6 adders
  A shadow imp (D:5)
  3 white imps (D:6)
  4 ufetubi (D:5)
  5 dart slugs
  3 ribbon worms
  7 orcs
  4 ball pythons
  5 endoplasms
  A giant cockroach (D:2)
  9 goblins
  4 hobgoblins
  7 kobolds
  A quokka (D:3)
  A bat (D:1)
  5 frilled lizards
  2 rats
106 creatures vanquished.

Notes
Turn   | Place    | Note
-------+----------+-------------------------------------------
     0 | D:1      | jimmypageman the Minotaur Fighter began the quest for the
                  | Orb.
     0 | D:1      | Reached XP level 1. HP: 19/19 MP: 0/0
    47 | D:1      | Found Xups's Distillery.
   116 | D:1      | Reached XP level 2. HP: 27/27 MP: 1/1
   878 | D:2      | Reached skill level 3 in Axes
   878 | D:2      | Reached XP level 3. HP: 29/33 MP: 2/2
  1135 | D:2      | Reached skill level 4 in Axes
  1135 | D:2      | Reached XP level 4. HP: 32/40 MP: 3/3
  1620 | D:3      | Noticed Ijyb
  1669 | D:3      | Killed Ijyb
  1827 | D:3      | Found a faded altar of an unknown god.
  1851 | D:3      | Found a runed translucent door.
  1852 | D:3      | Noticed Crazy Yiuf
  2153 | D:3      | Reached XP level 5. HP: 46/46 MP: 4/4
  2309 | D:4      | Noticed a phantom
  2317 | D:4      | Killed a phantom
  2318 | D:4      | Reached skill level 5 in Axes
  2318 | D:4      | Reached skill level 1 in Dodging
  2400 | D:4      | Reached XP level 6. HP: 49/52 MP: 5/5
  2427 | D:4      | Reached skill level 6 in Axes
  2644 | D:4      | You fall into a shaft and drop 3 floors!
  2723 | D:6      | Reached skill level 7 in Axes
  2984 | D:6      | Reached skill level 5 in Shields
  2984 | D:6      | Reached XP level 7. HP: 44/60 MP: 6/6
  2986 | D:6      | Reached skill level 5 in Armour
  3538 | D:6      | Reached skill level 8 in Axes
  3591 | D:6      | Found a runed translucent door.
  3934 | D:5      | Entered Level 5 of the Dungeon
  4103 | D:5      | Reached skill level 9 in Axes
  4151 | D:5      | Reached XP level 8. HP: 67/67 MP: 7/7
  4502 | D:5      | Reached skill level 5 in Fighting
  4806 | D:5      | Noticed Eustachio
  4835 | D:5      | Killed Eustachio
  4939 | D:5      | Reached skill level 10 in Axes
  5361 | D:4      | Gained mutation: Your muscles are strong. (Str +4, Int/Dex
                  | -1) [potion of mutation]
  5361 | D:4      | Gained mutation: You expend magic power (3 MP) to
                  | strengthen your wands. [potion of mutation]
  5368 | D:4      | HP: 4/103 [poisoned by a gnoll]
  5370 | D:4      | Succumbed to a gnoll's poison

Illustrated notes

Levels and vault maps discovered:
D:1:      erik_arrival_triangle_huge, layout_loops_ring, serial_shops, shop,
          dk_noncrumbling_4
D:2:      layout_basic
D:3:      layout_rooms, hellmonk_ecumenical_altar_arch_garden, uniq_ijyb,
          uniq_crazy_yiuf_cottage
D:4:      layout_layer_cave, tgw_fedhas, kennysheep_generic_room_2
D:5:      layout_basic, uniq_eustachio
D:6:      layout_cave_pools, hangedman_decor_push, st_stairs_14,
          lightli_church_of_beogh
D:7:      layout_gridville, minmay_temple_entry_offerings, uniq_maggie,
          uniq_duvessa

Skill      XL: |  1  2  3  4  5  6  7  8 |
---------------+-------------------------+-----
Shields        | 4 5 |  5.8
Fighting       | 4 5 |  5.4
Axes           | 3 4 5 7 9 10 | 10.2
Armour         | 4 5 6 |  6.1
Dodging        | 1 |  1.3
Stealth        | |  0.3

Action                     |  1- 3 |  4- 6 |  7- 9 || total
---------------------------+-------+-------+-------++-------
  Melee: War axe           |     6 |       |       ||     6
         Headbutt          |     6 |    16 |    24 ||    46
         Broad axe         |    47 |   128 |   150 ||   325
    Use: Potion            |       |       |     2 ||     2
 Armour: Scale mail        |    49 |    11 |       ||    60
         Chain mail        |       |   114 |     7 ||   121
         Plate armour      |       |       |   219 ||   219
  Dodge: Dodged            |    32 |    69 |    77 ||   178
  Block: Buckler           |    18 |    21 |    42 ||    81
